 Dungeon Crawl Stone Soup version 0.20.0-15-g7f486f2 (webtiles) character file.

7089 greprep the Merchant of Misery (level 10, -3/75 HPs)
             Began as a Deep Dwarf Necromancer on June 29, 2017.
             Was a Believer of Kikubaaqudgha.
             Slain by a three-headed hydra (4 damage)
             ... on level 8 of the Dungeon.
             The game lasted 00:43:05 (15894 turns).

greprep the Merchant of Misery (DDNe)              Turns: 15894, Time: 00:43:07

Health: -3/75      AC:  9    Str: 17    XL:     10   Next: 84%
Magic:  1/21       EV: 14    Int: 27    God:    Kikubaaqudgha [**....]
Gold:   203        SH:  0    Dex: 13    Spells: 19/25 levels left

rFire    + + +     SeeInvis .   v - +4 war axe of Death {vamp, *Slow rF++ Int+3}
rCold    . . .     Gourm    .   (no shield)
rNeg     . . .     Faith    .   T - +1 robe {rF+}
rPois    .         Spirit   .   y - +0 helmet
rElec    .         Reflect  .   W - scarf {repulsion}
rCorr    .         Harm     .   E - +1 pair of gloves {archery}
MR       +....                  H - +0 pair of boots
Stlth    ++........             (no amulet)
Regen    0.0/turn               P - +5 ring of strength
MPRegen  0.2/turn               x - +1 ring of protection

@: brilliant, non-regenerating, repel missiles
A: damage resistance, heal wounds, sense surroundings 2, no regeneration
a: Heal Wounds, Receive Corpses, Renounce Religion


You were on level 8 of the Dungeon.
You worshipped Kikubaaqudgha.
Kikubaaqudgha was pleased with you.
You were not hungry.

You visited 2 branches of the dungeon, and saw 9 of its levels.

You collected 453 gold pieces.
You spent 250 gold pieces at shops.

Inventory:

Hand Weapons
 q - a +2 dagger of draining
 v - the +4 war axe of Death (weapon) {vamp, *Slow rF++ Int+3}
   (You found it on level 5 of the Dungeon)

   It inflicts no extra harm, but heals its wielder when it wounds a living foe.
   It affects your intelligence (+3).
   It greatly protects you from fire.
   It may slow you when you take damage.
Missiles
 a - 18 arrows
Armour
 d - a +0 pair of gloves
 y - a +0 helmet (worn)
 E - a +1 pair of gloves of archery (worn)
 F - a +4 chain mail
 H - a +0 pair of boots (worn)
 T - a +1 robe of fire resistance (worn)
 W - a scarf of repulsion (worn)
Jewellery
 g - an uncursed ring of stealth
 x - a +1 ring of protection (right hand)
 L - an uncursed ring of poison resistance
 P - a +5 ring of strength (left hand)
 Q - an uncursed ring of flight
Wands
 w - a wand of lightning (11/15)
 A - a wand of iceblast (3/15)
 O - a wand of disintegration (3/24)
 R - a wand of disintegration (12/24)
 U - a wand of iceblast (12/15)
Scrolls
 e - 3 scrolls of enchant armour {unknown}
 f - 2 scrolls of teleportation
 i - a scroll of fear {unknown}
 j - 3 scrolls of fog {unknown}
 k - 2 scrolls of immolation {unknown}
 m - a scroll of random uselessness {unknown}
 n - 6 scrolls of remove curse {unknown}
 o - 4 scrolls of recharging {unknown}
 t - 3 scrolls of magic mapping {unknown}
 D - a scroll of enchant weapon {unknown}
 I - a scroll of blinking {unknown}
 K - a scroll of noise {unknown}
 M - 2 scrolls of amnesia {unknown}
Potions
 h - 4 potions of curing
 l - a potion of brilliance
 r - 3 potions of ambrosia
 z - 2 potions of might {unknown}
 B - a potion of magic {unknown}
 J - a potion of cancellation {unknown}
 N - a potion of flight {unknown}
Books
 b - a book of Necromancy

   Spells                             Type                      Level
   a - Pain                           Necromancy                   1
   b - Animate Skeleton               Necromancy                   1
   c - Vampiric Draining              Necromancy                   3
   d - Regeneration                   Charms/Necromancy            3
   e - Animate Dead                   Necromancy                   4
   f - Control Undead                 Necromancy                   4
 p - a book of Changes

   Spells                             Type                      Level
   a - Beastly Appendage              Transmutation                1
   b - Sticks to Snakes               Transmutation                2
   c - Spider Form                    Transmutation/Poison         3
   d - Ice Form                       Ice/Transmutation            4
   e - Blade Hands                    Transmutation                5
 u - a book of Callings

   Spells                             Type                      Level
   a - Summon Small Mammal            Summoning                    1
   b - Call Imp                       Summoning                    2
   c - Call Canine Familiar           Summoning                    3
   d - Summon Guardian Golem          Hexes/Summoning              3
   e - Summon Lightning Spire         Summoning/Air                4
   f - Summon Ice Beast               Ice/Summoning                4
 S - Kikubaaqudgha's Grimoire of Stolen Souls
   (Kikubaaqudgha gifted it to you on level 7 of the Dungeon)

   Spells                             Type                      Level
   a - Pain                           Necromancy                   1
   b - Corpse Rot                     Necromancy                   2
   c - Sublimation of Blood           Necromancy                   2
   d - Vampiric Draining              Necromancy                   3
   e - Control Undead                 Necromancy                   4
Comestibles
 c - a bread ration
 s - 6 fruits
 C - 2 meat rations
 G - 3 royal jellies


   Skills:
 - Level 2.9 Short Blades
 + Level 7.5 Axes
 * Level 5.3 Armour
 - Level 4.3 Dodging
 - Level 2.4 Stealth
 + Level 8.1 Spellcasting
 + Level 11.3 Necromancy
 + Level 0.3 Transmutations


You had 19 spell levels left.
You knew the following spells:

 Your Spells              Type           Power        Failure   Level  Hunger
a - Pain                  Necr           ####         1%          1    None
b - Vampiric Draining     Necr           ######....   1%          3    None
c - Sticks to Snakes      Tmut           ####....     1%          2    None


Dungeon Overview and Level Annotations

Branches:
Dungeon (8/15)             Temple (1/1) D:6            Lair (0/6) D:8

Altars:
Ashenzari
Cheibriados
Dithmenos
Elyvilon
Fedhas
Gozag
Hepliaklqana
Kikubaaqudgha
Makhleb
Nemelex Xobeh
Okawaru
Qazlal
Ru
Sif Muna
Trog
Uskayaw
Vehumet
Xom
Yredelemnul
Zin
The Shining One

Shops:
D:4 ?[   D:5 *


Innate Abilities, Weirdness & Mutations

You are resistant to damage.
You can heal yourself by infusing magical energy.
You passively map the area around you.
You do not regenerate.


Message History

Press: ? - help, Shift-Dir - straight line, f/p - three-headed hydra
Aim: a three-headed hydra (almost dead, chance to defeat MR: 54%)
The three-headed hydra resists with significant effort.
The three-headed hydra bites you! x2
* * * LOW HITPOINT WARNING * * *
The three-headed hydra barely misses you.
Casting: Pain
Confirm with . or Enter, or press ? or * to list all spells.
You don't know that spell.
You feel much better. The three-headed hydra bites you!
The three-headed hydra closely misses you.
The three-headed hydra bites you!
* * * LOW HITPOINT WARNING * * *
You feel clever all of a sudden.
The three-headed hydra closely misses you.
The three-headed hydra bites you!
* * * LOW HITPOINT WARNING * * *
The three-headed hydra bites you.
You die...
Kikubaaqudgha rasps: "You have failed me!
Welcome... death!"

#....# '...%
#.......# ##.####.
#..... #.##<#.##
##.#
#'###'''###.##.#.#
##.##
#.K≈..%%.#.....#.#
#.##
#P≈≈.....#..####.#
.###
#≈≈P..[.%#<......#
...#
#P≈....÷.#.#######
##.# #PP≈.≈.).#.#
#.# #####.####@#
#.# #..##.KYYD.#
#.####..###..####
#......#...#.#
######....##.#
#.#####.# #.# #.#
#.. ..# ###* ###


You could see a three-headed hydra, a yak, a big kobold and a dream sheep.

Vanquished Creatures
  A two-headed ogre (D:8)
  Pikel (D:8)
  The ghost of yogakurto the Slasher, a novice TrBe of Trog (D:5)
  The ghost of Paps the Cutter, a novice TrAs (D:3)
  A troll (D:8)
  Prince Ribbit (D:5)
  A dream sheep (D:8)
  A hippogriff (D:7)
  A wyvern (D:8)
  Sigmund (D:3)
  A yak (D:8)
  2 sky beasts
  2 orc warriors
  6 ogres
  A phantom (D:6)
  A necrophage (D:5)
  A wolf (D:8)
  2 centaurs
  3 big kobolds
  5 bullfrogs
  Blork the orc (D:5)
  A gnoll sergeant (D:7)
  2 scorpions
  4 killer bees (D:7)
  A howler monkey (D:7)
  4 wights (D:6)
  2 electric eels (D:8)
  5 crimson imps
  2 bullfrog zombies
  8 hounds
  2 jellies (D:2)
  2 orc priests (D:6)
  6 orc wizards
  2 iguanas
  Natasha (thrice) (D:3)
  5 worker ants
  A hound skeleton (D:6)
  A worker ant zombie (D:8)
  18 gnolls
  10 adders
  11 oozes
  An adder skeleton (D:7)
  3 adder zombies
  3 worms
  A dart slug (D:2)
  6 leopard geckos
  22 orcs
  A ball python (D:3)
  11 bats
  8 giant cockroaches
  8 goblins
  12 hobgoblins
  18 jackals
  2 quokkas
  6 frilled lizards
  2 jackal skeletons (D:5)
  32 kobolds
  A leopard gecko skeleton (D:4)
  A leopard gecko zombie (D:5)
  12 rats
  A plant (D:5)
276 creatures vanquished.

Vanquished Creatures (others)
  A hornet (D:8)
  4 slaves (D:8)
  A hound (D:8)
  A fungus (D:2)
  4 plants
  13 toadstools (D:2)
24 creatures vanquished.

Grand Total: 300 creatures vanquished

Notes
Turn   | Place    | Note
-------+----------+-------------------------------------------
     0 | D:1      | greprep the Deep Dwarf Necromancer began the quest for the Orb.
     0 | D:1      | Reached XP level 1. HP: 15/15 MP: 3/3
   503 | D:1      | Reached XP level 2. HP: 8/22 MP: 0/4
   752 | D:1      | Reached skill level 5 in Necromancy
  1213 | D:1      | Reached XP level 3. HP: 7/28 MP: 4/6
  1218 | D:1      | Learned a level 3 spell: Vampiric Draining
  2119 | D:2      | Found a white marble altar of Elyvilon.
  2399 | D:2      | Reached XP level 4. HP: 27/36 MP: 0/7
  3278 | D:2      | Found a burning altar of Makhleb.
  3325 | D:2      | Found a shattered altar of Ashenzari.
  3330 | D:2      | Found a stormy altar of Qazlal.
  3638 | D:2      | Reached XP level 5. HP: 33/42 MP: 3/9
  3746 | D:2      | Reached skill level 6 in Necromancy
  3887 | D:2      | Reached skill level 1 in Short Blades
  4227 | D:3      | Reached XP level 6. HP: 32/49 MP: 2/11
  4499 | D:3      | Noticed Natasha
  4503 | D:3      | Killed Natasha
  4599 | D:3      | Noticed Natasha
  4610 | D:3      | Killed Natasha
  4764 | D:3      | Noticed Natasha
  4827 | D:3      | Killed Natasha
  5252 | D:3      | Noticed Sigmund
  5387 | D:3      | Killed Sigmund
  5387 | D:3      | Reached skill level 7 in Necromancy
  5387 | D:3      | Reached XP level 7. HP: 29/55 MP: 0/13
  5827 | D:4      | Found Teeq's Magic Scroll Boutique.
  5839 | D:4      | Bought a scroll of identify for 22 gold pieces
  5839 | D:4      | Bought a scroll of teleportation for 33 gold pieces
  6666 | D:4      | Found a faded altar of an unknown god.
  6666 | D:4      | Found a sacrificial altar of Ru.
  6671 | D:4      | Found a basalt altar of Yredelemnul.
  6673 | D:4      | Found a faded altar of an unknown god.
  6675 | D:4      | Found a snail-covered altar of Cheibriados.
  7084 | D:4      | Found Byoti's Antique Armour Shop.
  7283 | D:5      | Entered Level 5 of the Dungeon
  7283 | D:5      | Noticed Blork the orc
  7297 | D:5      | Killed Blork the orc
  7448 | D:5      | Reached skill level 8 in Necromancy
  7728 | D:5      | Noticed yogakurto's ghost (novice TrBe)
  7744 | D:5      | Reached XP level 8. HP: 29/62 MP: 11/15
  7854 | D:4      | Reached skill level 5 in Spellcasting
  8263 | D:5      | Got a faintly glowing war axe
  8265 | D:5      | Identified the +4 war axe of Death {vamp, *Slow rF++ Int+3} (You found it on level 5 of the Dungeon)
  8337 | D:5      | Noticed Prince Ribbit
  8348 | D:5      | Killed Prince Ribbit
  8648 | D:5      | Found a glowing silver altar of Zin.
  9159 | D:5      | Reached skill level 1 in Axes
  9806 | D:5      | Found Ypseng's Assorted Antiques.
 10199 | D:6      | Found a radiant altar of Vehumet.
 10248 | D:6      | HP: 3/62 [wight/enchanted trident (4)]
 10296 | D:5      | HP: 1/62 [yogakurto's ghost (10)]
 10307 | D:5      | Killed yogakurto's ghost
 10307 | D:5      | Reached skill level 9 in Necromancy
 10341 | D:4      | Gained mutation: You passively map the area around you. [Deep Dwarf growth]
 10341 | D:4      | Reached XP level 9. HP: 36/68 MP: 11/18
 10345 | D:3      | Noticed Paps's ghost (novice TrAs)
 10346 | D:3      | Found a glowing golden altar of the Shining One.
 10378 | D:3      | Killed Paps's ghost
 10621 | D:6      | Reached skill level 5 in Axes
 11028 | D:6      | Found a staircase to the Ecumenical Temple.
 11037 | Temple   | Entered the Ecumenical Temple
 11081 | Temple   | Became a worshipper of Kikubaaqudgha
 11982 | D:6      | Reached skill level 1 in Armour
 12123 | D:6      | Found a deep blue altar of Sif Muna.
 12749 | D:7      | Reached * piety under Kikubaaqudgha
 12749 | D:7      | Identified Kikubaaqudgha's Grimoire of Stolen Souls (Kikubaaqudgha gifted it to you on level 7 of the Dungeon)
 12749 | D:7      | Received a gift from Kikubaaqudgha
 12951 | D:7      | Reached skill level 10 in Necromancy
 13361 | D:7      | Reached XP level 10. HP: 54/75 MP: 6/20
 14232 | D:4      | Bought a pair of glowing gloves for 195 gold pieces
 14465 | D:8      | Noticed Pikel
 14480 | D:8      | Killed Pikel
 14878 | D:8      | Found a staircase to the Lair.
 14906 | D:8      | Reached ** piety under Kikubaaqudgha
 15079 | D:8      | Reached skill level 11 in Necromancy
 15201 | D:8      | Noticed a three-headed hydra
 15249 | D:8      | HP: 1/75 [three-headed hydra (10)]
 15322 | D:8      | Learned a level 2 spell: Sticks to Snakes
 15705 | D:8      | Noticed a two-headed ogre
 15716 | D:8      | Killed a two-headed ogre
 15716 | D:8      | Reached skill level 5 in Armour
 15894 | D:8      | HP: 1/75 [three-headed hydra (11)]
 15894 | D:8      | Slain by a three-headed hydra

Skill      XL: |  1  2  3  4  5  6  7  8  9 10 |
---------------+-------------------------------+-----
Necromancy     | 5 6 7 8 9 10 11 | 11.3
Spellcasting   | 2 3 4 6 7 8 |  8.1
Short Blades   | 1 2 |  2.9
Dodging        | 3 4 |  4.3
Axes           | 3 6 7 |  7.5
Armour         | 3 5 |  5.3
Stealth        | |  2.4
Transmutations | |  0.3

Action                   |  1- 3 |  4- 6 |  7- 9 | 10-12 || total
-------------------------+-------+-------+-------+-------++-------
Melee: Unarmed           |    11 |       |       |       ||    11
       Dagger            |    42 |    90 |   102 |       ||   234
       War axe           |       |       |   261 |   129 ||   390
 Cast: Pain              |    38 |    19 |    13 |    13 ||    83
       Vampiric Draining |    17 |    44 |   118 |    61 ||   240
       Sticks to Snakes  |       |       |       |     2 ||     2
 Abil: Heal Wounds       |       |       |    10 |     6 ||    16
  Use: Scroll            |       |       |     5 |     4 ||     9
       Potion            |       |       |     1 |     1 ||     2
 Stab: Sleeping          |       |     2 |     7 |       ||     9
       Distracted        |       |       |       |     1 ||     1
  Eat: Chunk             |     7 |     7 |    22 |     6 ||    42
       Bread ration      |       |     1 |     1 |     1 ||     3
       Royal jelly       |       |     1 |     2 |       ||     3
       Meat ration       |       |       |     1 |       ||     1
Armor: Robe              |    14 |    19 |    85 |    64 ||   182
Dodge: Dodged            |    41 |    64 |   312 |   182 ||   599
       Deflected         |       |       |       |     1 ||     1
